[Event "Titled Tuesday Blitz August 08 Early 2023"]
[White "Khubukshanov, Erdem"]
[Black "Iskusnyh, Sergei"]
[WhiteFideId "54114527"]
[BlackFideId "4120027"]
[WhiteElo "2849"]
[BlackElo "2632"]
[Result "0-1"]
[Round "5"]
[TimeControl "180+1"]
[Date "2023.08.08"]
[WhiteClock "0:00:16"]
[BlackClock "0:00:06"]
[Board "34"]

1. Nf3 d5 2. g3 Nf6 3. Bg2 c6 4. O-O Bf5 5. d3 h6 6. a4 e6 7. a5 Be7 8. Nbd2 O-O 9. b3 c5 10. Bb2 Nc6 11. a6 b5 12. c4 bxc4 13. bxc4 Rb8 14. Qc1 Qb6 15. Ne5 Nxe5 16. Bxe5 Rbc8 17. Qa3 Ng4 18. Rfb1 Qd8 19. Bc3 d4 20. Ba5 Qd6 21. Rb7 Bg5 22. Rxa7 e5 23. h4 Bxd2 24. Bxd2 e4 25. dxe4 Be6 26. Bf4 Qd8 27. Qa4 g5 28. Bd2 Qf6 29. f3 Ne5 30. hxg5 hxg5 31. Rb7 Nxc4 32. Bc1 Qe5 33. f4 gxf4 34. Bxf4 Qh5 35. a7 Ne5 36. Bxe5 Qxe5 37. Qa3 c4 38. Qf3 c3 39. Qf4 Qc5 40. e5 d3+ 41. Qf2 d2 42. Qxc5 Rxc5 43. Be4 c2 44. Bxc2 Rxc2 45. Kf2 Rc1 46. a8=Q Rxa8 47. Rxa8+ Kg7 48. Rd8 d1=Q 49. Rxd1 Rxd1 50. Ke3 Rd5 51. Ke4 Rc5 52. Rb4 Rc4+ 53. Rxc4 Bxc4 54. Ke3 Be6 55. Kf4 Kg6 56. g4 Kh6 57. e3 Kg6 58. g5 Kh5 59. Kg3 Kxg5 60. Kf3 Kf5 61. e4+ Kxe5 62. Ke3 Bb3 63. Kf3 Bc2 64. Ke3 Bxe4 0-1


[Site "https://www.chess.com"]

[Event "Titled Tuesday Blitz August 08 Early 2023"]
[White "Kushko, Dmitriy"]
[Black "Pham, Le Thao Nguyen"]
[WhiteFideId "14162261"]
[BlackFideId "12401226"]
[WhiteElo "2843"]
[BlackElo "2631"]
[Result "1-0"]
[Round "5"]
[TimeControl "180+1"]
[Date "2023.08.08"]
[WhiteClock "0:00:55"]
[BlackClock "0:00:02"]
[Board "35"]

1. Nf3 Nf6 2. g3 d5 3. Bg2 c6 4. O-O Bf5 5. c4 e6 6. Qb3 Qb6 7. d3 Nbd7 8. cxd5 exd5 9. Qc2 h6 10. Nc3 Be7 11. e4 dxe4 12. dxe4 Bh7 13. Qe2 Nc5 14. Be3 Qa6 15. Qxa6 Nxa6 16. Ne5 Bc5 17. Nc4 O-O 18. Rfd1 Bxe3 19. Nxe3 Rfd8 20. Nc4 Nc5 21. f3 Ne8 22. Na5 f5 23. b4 Na6 24. a3 fxe4 25. fxe4 Rdb8 26. Rd7 Nac7 27. Rad1 Kh8 28. Re7 Rd8 29. Nxb7 Rxd1+ 30. Nxd1 Nb5 31. a4 Nd4 32. e5 Bg8 33. Nc3 Rb8 34. g4 Bc4 35. Rd7 Ne6 36. Bxc6 Ng5 37. Re7 Bf7 38. h4 1-0


[Site "https://www.chess.com"]

[Event "Titled Tuesday Blitz August 08 Early 2023"]
[White "Sakun, Volodymyr"]
[Black "Talibov, Shiroghlan"]
[WhiteFideId "14114062"]
[BlackFideId "13429078"]
[WhiteElo "2631"]
[BlackElo "2836"]
[Result "1-0"]
[Round "5"]
[TimeControl "180+1"]
[Date "2023.08.08"]
[WhiteClock "0:00:06"]
[BlackClock "0:00:01"]
[Board "36"]

1. d4 d5 2. Bf4 c5 3. e3 Nc6 4. Nf3 Nf6 5. dxc5 Qa5+ 6. Nbd2 Bg4 7. Be2 Qxc5 8. O-O e6 9. Rc1 Rd8 10. Ne5 Bxe2 11. Qxe2 Bd6 12. Nxc6 Qxc6 13. Bxd6 Qxd6 14. c4 O-O 15. cxd5 Qxd5 16. Nb3 b6 17. Qc4 Qe5 18. Qc3 Qh5 19. h3 h6 20. Nd4 Rd7 21. Qc6 Rfd8 22. Qb5 Rd5 23. Qc6 Rg5 24. Qf3 Qh4 25. Rfd1 Rdd5 26. Nc6 Kh7 27. Rxd5 Rxd5 28. Nd4 e5 29. Nf5 Qg5 30. Ng3 Qg6 31. Qf5 Qxf5 32. Nxf5 g6 33. Ne7 Rd2 34. Rc7 Rxb2 35. Nc6 Kg8 36. Rxa7 Ne4 37. Nxe5 Nxf2 38. Rxf7 Nd3 39. Nxd3 Rxa2 40. Rf2 Ra3 41. Rd2 b5 42. Kf2 Kg7 43. Ke2 Ra1 44. Rb2 Rg1 45. Kf3 Rd1 46. Nf4 g5 47. Ne2 Rf1+ 48. Ke4 Rf2 49. g4 Rh2 50. Kf3 Rxh3+ 51. Ng3 Kg6 52. Rxb5 Rh2 53. Rb6+ Kh7 54. Nf5 Rh3+ 55. Ke4 h5 56. Rh6+ Kg8 57. Rxh5 1-0


[Site "https://www.chess.com"]

[Event "Titled Tuesday Blitz August 08 Early 2023"]
[White "Timofeev, Artyom"]
[Black "Garcia Ramos, Daniel"]
[WhiteFideId "4140419"]
[BlackFideId "32010311"]
[WhiteElo "2835"]
[BlackElo "2628"]
[Result "1-0"]
[Round "5"]
[TimeControl "180+1"]
[Date "2023.08.08"]
[WhiteClock "0:00:10"]
[BlackClock "0:00:00"]
[Board "37"]

1. c4 e6 2. Nc3 d5 3. d4 Nf6 4. Bg5 Be7 5. e3 O-O 6. Rc1 dxc4 7. Bxc4 a6 8. Qf3 c5 9. dxc5 Nc6 10. Nge2 Qa5 11. O-O Qxc5 12. Ne4 Qe5 13. Bxf6 Bxf6 14. Nxf6+ Qxf6 15. Qxf6 gxf6 16. Rfd1 Kg7 17. Nf4 f5 18. Be2 Kf6 19. Bf3 Ne5 20. Rc7 Rb8 21. Rd6 b5 22. Nd5+ Kg7 23. Ne7 Nxf3+ 24. gxf3 Bb7 25. Nc6 Bxc6 26. Rdxc6 Kf6 27. Rxa6 Rfc8 28. Rxc8 Rxc8 29. Rb6 Rc1+ 30. Kg2 Rc5 31. f4 Kg6 32. a3 Rd5 33. Kf3 Kf6 34. Ke2 Rc5 35. Kd3 Rd5+ 36. Kc3 Kg6 37. b3 Kh5 38. Rb7 Kg4 39. Rxf7 Kf3 40. Re7 Rd6 41. a4 Kxf2 42. axb5 Kxe3 43. Kc4 Kxf4 44. Kc5 Rd5+ 45. Kc6 Ke5 46. b6 Rd3 47. b4 Rc3+ 48. Kb5 Rc8 49. b7 Rb8 50. Kc6 Kf6 51. Rxh7 f4 52. Kc7 f3 53. Rh3 Rh8 54. Rxf3+ Ke7 55. b8=Q 1-0


[Site "https://www.chess.com"]

[Event "Titled Tuesday Blitz August 08 Early 2023"]
[White "Goltsev, Dmitry"]
[Black "Rustemov, Alexander"]
[WhiteFideId "24176710"]
[BlackFideId "4119002"]
[WhiteElo "2627"]
[BlackElo "2835"]
[Result "1/2-1/2"]
[Round "5"]
[TimeControl "180+1"]
[Date "2023.08.08"]
[WhiteClock "0:00:08"]
[BlackClock "0:00:32"]
[Board "38"]

1. e4 e6 2. d4 d5 3. exd5 exd5 4. Nf3 Bf5 5. c4 Bxb1 6. Rxb1 Bb4+ 7. Bd2 Bxd2+ 8. Qxd2 Nf6 9. Bd3 dxc4 10. Bxc4 O-O 11. O-O Nc6 12. Rfe1 Qd6 13. Rbd1 Rad8 14. Qc3 Nd5 15. Bxd5 Qxd5 16. b3 Rd7 17. h3 Rfd8 18. Ne5 Nxe5 19. dxe5 Qxd1 20. Rxd1 Rxd1+ 21. Kh2 c6 22. Qe3 a6 23. e6 fxe6 24. Qxe6+ Kh8 25. Qe7 R1d7 26. Qb4 h6 27. Qb6 Rc8 28. b4 c5 29. bxc5 Rc6 30. Qa7 Rdc7 31. Qb8+ Kh7 32. Qe8 Rxc5 33. Qe4+ g6 34. h4 h5 35. f3 b5 36. Kh3 a5 37. a3 Rf7 38. Qe6 Rcf5 39. Qb6 a4 40. Qd6 Kg7 41. Qd4+ Kh7 42. Qd6 Rb7 43. Qb4 Rff7 44. Kh2 Rfc7 45. Qb2 Rc4 46. Kh3 b4 47. axb4 Rcxb4 48. Qa2 Ra7 49. Qa3 Rb3 50. Qc5 Rbb7 51. Qa3 Ra6 52. g4 Rb3 53. Qe7+ Kg8 54. Qe8+ Kh7 55. Qd7+ Kg8 56. Qc8+ Kg7 57. Qxa6 Rxf3+ 58. Kg2 hxg4 59. Qxa4 Rf5 60. Qxg4 Kh7 61. Kg3 Kg7 62. Qd4+ Kh7 63. Kg4 Rh5 64. Qd7+ Kg8 65. Qe8+ Kg7 66. Qe7+ Kg8 67. Qd7 Rf5 68. Qe6+ Kg7 69. Qe2 Kh7 70. Qb2 Kg8 71. Qa2+ Kh7 72. Qe6 Kg7 73. Qe7+ Kg8 74. Qd7 Kh8 75. h5 Rxh5 76. Qf7 Rf5 77. Qxg6 Rf4+ 78. Kg3 Rf3+ 79. Kg2 Rf2+ 80. Kg3 Rf3+ 81. Kg4 Rf4+ 82. Kg5 Rg4+ 83. Kxg4 1/2-1/2


[Site "https://www.chess.com"]

[Event "Titled Tuesday Blitz August 08 Early 2023"]
[White "Jain Kashish Manoj"]
[Black "Salinas Herrera, Pablo"]
[WhiteFideId "35081098"]
[BlackFideId "3407128"]
[WhiteElo "2622"]
[BlackElo "2832"]
[Result "1/2-1/2"]
[Round "5"]
[TimeControl "180+1"]
[Date "2023.08.08"]
[WhiteClock "0:00:04"]
[BlackClock "0:01:23"]
[Board "39"]

1. e4 c5 2. Nf3 d6 3. d4 cxd4 4. Nxd4 Nf6 5. Nc3 a6 6. Be3 e6 7. Qf3 Nbd7 8. O-O-O Qc7 9. Qg3 b5 10. Bd3 Bb7 11. a3 Rc8 12. Kb1 Qb8 13. Bd2 Ne5 14. Rhe1 Be7 15. f4 Nxd3 16. cxd3 O-O 17. e5 dxe5 18. fxe5 Nd5 19. Nxd5 Bxd5 20. Bh6 g6 21. Bxf8 Bxf8 22. Rc1 Rd8 23. Nc6 Bxc6 24. Rxc6 b4 25. axb4 Qxb4 26. Rec1 Qb5 27. R1c3 Rb8 28. Qf2 Qxe5 29. Rc7 f5 30. Qh4 h6 31. Rc8 g5 32. Qh5 Rxc8 33. Qg6+ Kh8 34. Rxc8 Qe1+ 35. Rc1 Qe3 36. Qf7 Bg7 37. Rc8+ Kh7 38. Qg8+ Kg6 39. Qe8+ Kf6 40. Qd8+ Kg6 41. Qe8+ Kh7 42. Qg8+ Kg6 43. Qe8+ 1/2-1/2


[Site "https://www.chess.com"]

[Event "Titled Tuesday Blitz August 08 Early 2023"]
[White "Bharath Subramaniyam H"]
[Black "Przybylski, Wojciech"]
[WhiteFideId "46634827"]
[BlackFideId "1117599"]
[WhiteElo "2830"]
[BlackElo "2621"]
[Result "1-0"]
[Round "5"]
[TimeControl "180+1"]
[Date "2023.08.08"]
[WhiteClock "0:00:43"]
[BlackClock "0:00:00"]
[Board "40"]

1. e4 e5 2. Nf3 Nc6 3. d4 exd4 4. Nxd4 Nf6 5. Nxc6 bxc6 6. Nd2 d6 7. Bd3 g6 8. b3 Bg7 9. Bb2 O-O 10. O-O Ng4 11. Bxg7 Kxg7 12. h3 Ne5 13. f4 Nxd3 14. cxd3 c5 15. Nc4 a5 16. f5 Qg5 17. Qf3 Bb7 18. Ne3 Rae8 19. g3 h5 20. h4 Qf6 21. Qf4 Re7 22. Qg5 Qxg5 23. hxg5 f6 24. fxg6 Kxg6 25. Nf5 Ref7 26. gxf6 Rxf6 27. Rf4 Kg5 28. Raf1 Bc8 29. Ne7 Bg4 30. Nd5 Rxf4 31. gxf4+ Kh4 32. Kh2 c6 33. Ne3 Be2 34. Rg1 Rxf4 35. Nf5+ Rxf5 36. exf5 Bxd3 37. f6 1-0


[Site "https://www.chess.com"]

[Event "Titled Tuesday Blitz August 08 Early 2023"]
[White "Domingo Nunez, Ruben"]
[Black "JeRoma71"]
[WhiteFideId "22245570"]
[WhiteElo "2620"]
[BlackElo "2829"]
[Result "1-0"]
[Round "5"]
[TimeControl "180+1"]
[Date "2023.08.08"]
[WhiteClock "0:00:04"]
[BlackClock "0:00:00"]
[Board "41"]

1. Nf3 g6 2. g3 Bg7 3. Bg2 c5 4. O-O Nc6 5. c4 e6 6. Nc3 Nge7 7. Rb1 O-O 8. a3 b6 9. b4 d6 10. Qa4 Bb7 11. Bb2 Qd7 12. Ne4 f6 13. Bc3 f5 14. Neg5 h6 15. Nh3 g5 16. Bxg7 Kxg7 17. Ne1 Rfd8 18. Qd1 Ne5 19. d3 N7g6 20. f4 Nf7 21. fxg5 hxg5 22. e4 Rh8 23. exf5 exf5 24. Nf2 Bxg2 25. Nxg2 Nfe5 26. d4 cxd4 27. Qxd4 Qc6 28. Nd3 Rhf8 29. Ne3 f4 30. gxf4 gxf4 31. Nxf4 Nxf4 32. Rxf4 Rxf4 33. Qxf4 Rg8 34. Rb2 Nd3 35. Qd4+ Kf7+ 36. Rg2 Rxg2+ 37. Nxg2 Ne5 38. Qf4+ Ke6 39. Ne3 a5 40. Qf5+ Ke7 41. Nd5+ Ke8 42. Qe6+ Kd8 43. Qg8+ Kd7 44. Qg7+ Kd8 45. Qf8+ Kd7 46. Qg7+ Ke6 47. Qf6+ Kd7 48. Qf5+ Kd8 49. Qf6+ Kd7 50. b5 Qc5+ 51. Kg2 Qxc4 52. Qe7+ Kc8 53. Nxb6+ 1-0


[Site "https://www.chess.com"]

[Event "Titled Tuesday Blitz August 08 Early 2023"]
[White "Lysyj, Igor"]
[Black "Zarnicki, Pablo"]
[WhiteFideId "4150120"]
[BlackFideId "100137"]
[WhiteElo "2823"]
[BlackElo "2617"]
[Result "1/2-1/2"]
[Round "5"]
[TimeControl "180+1"]
[Date "2023.08.08"]
[WhiteClock "0:00:42"]
[BlackClock "0:00:34"]
[Board "42"]

1. d4 Nf6 2. c4 e6 3. Nf3 b6 4. g3 Ba6 5. Qa4 Bb7 6. Bg2 c5 7. dxc5 Bxc5 8. O-O O-O 9. Nc3 Be7 10. Bf4 Na6 11. Rad1 Nc5 12. Qc2 Qc8 13. Rc1 Nce4 14. Nxe4 Bxe4 15. Qd2 Qb7 16. Rfd1 d5 17. cxd5 Bxd5 18. b3 Rac8 19. Qb2 Rxc1 20. Rxc1 Rc8 21. h3 h6 22. Be5 Rxc1+ 23. Qxc1 Nd7 24. Bb2 Bf6 25. Bxf6 Nxf6 26. Ne1 Bxg2 27. Nxg2 Nd5 28. a3 Qc7 29. Qxc7 Nxc7 30. Nf4 Kf8 31. e3 Ke7 32. Kf1 g5 33. Nd3 Kd6 34. Ke2 Nd5 35. Kd2 f5 36. Nb2 b5 37. Nd3 e5 38. f3 a5 39. e4 fxe4 40. fxe4 Nf6 41. Ke3 h5 42. Ne1 g4 43. h4 Nd7 44. Nc2 Nc5 45. b4 axb4 46. axb4 Ne6 47. Kd3 Nc7 48. Ne3 Ke6 49. Nf5 Kf6 50. Kc3 Kf7 51. Kd3 Kf6 52. Kc3 Kf7 53. Kd3 Kf6 1/2-1/2


[Site "https://www.chess.com"]

[Event "Titled Tuesday Blitz August 08 Early 2023"]
[White "Pakleza, Zbigniew"]
[Black "Goldin, Alexander"]
[WhiteFideId "1119290"]
[BlackFideId "2019540"]
[WhiteElo "2822"]
[BlackElo "2615"]
[Result "1-0"]
[Round "5"]
[TimeControl "180+1"]
[Date "2023.08.08"]
[WhiteClock "0:00:04"]
[BlackClock "0:00:00"]
[Board "43"]

1. d4 d5 2. Bf4 c5 3. c3 Nc6 4. e3 Bf5 5. Nd2 e6 6. Ngf3 Bd6 7. Bg3 Nge7 8. Qb3 b6 9. Bxd6 Qxd6 10. Qa3 Rd8 11. Bb5 O-O 12. O-O h6 13. h3 a5 14. Rfd1 Na7 15. Be2 c4 16. Qxd6 Rxd6 17. b3 b5 18. bxc4 bxc4 19. e4 Bh7 20. Rab1 Nec6 21. Rb6 Rdd8 22. exd5 exd5 23. Nf1 Rb8 24. Rxb8 Rxb8 25. Ne3 Ne7 26. Rd2 Rb1+ 27. Kh2 Nb5 28. Nd1 Be4 29. Ne5 f6 30. Nd7 Rc1 31. Nc5 Bc2 32. Ne3 Bg6 33. Nxc4 Nxc3 34. Nxa5 Ra1 35. a4 h5 36. Nab3 Ra3 37. Bf3 h4 38. a5 Kf7 39. a6 Nb5 40. Nc1 Ra1 41. Ne2 Ra3 42. Nf4 Be4 43. Bxe4 dxe4 44. d5 Nd6 45. Nfe6 Nef5 46. Nd8+ Kg6 47. Nc6 e3 48. Re2 1-0


[Site "https://www.chess.com"]

[Event "Titled Tuesday Blitz August 08 Early 2023"]
[White "Vaibhav Jayant Raut"]
[Black "Rasulov, Vugar"]
[WhiteFideId "5089034"]
[BlackFideId "13402390"]
[WhiteElo "2611"]
[BlackElo "2822"]
[Result "1/2-1/2"]
[Round "5"]
[TimeControl "180+1"]
[Date "2023.08.08"]
[WhiteClock "0:00:06"]
[BlackClock "0:00:11"]
[Board "44"]

1. d4 Nf6 2. Nf3 g6 3. Nc3 Bg7 4. e4 d6 5. Bf4 O-O 6. Qd2 c5 7. dxc5 dxc5 8. O-O-O Qxd2+ 9. Rxd2 Nc6 10. Bb5 Nd4 11. Nxd4 cxd4 12. Nd5 Nxd5 13. exd5 Bf5 14. Re1 e6 15. dxe6 Bxe6 16. Be5 Bh6 17. f4 Rfd8 18. g3 g5 19. fxg5 Bxg5 20. Bf4 Bxf4 21. gxf4 Rd6 22. Bd3 Kg7 23. Rg2+ Kf6 24. Rg5 Rc8 25. Rh5 Rb6 26. Rh6+ Kg7 27. Rxh7+ Kf6 28. Rh6+ Kg7 29. Rh5 Bxa2 30. Rg1+ Kf6 31. Rh6+ Ke7 32. Re1+ Re6 33. Rhxe6+ fxe6 34. f5 Kd6 35. Kd2 Bd5 36. fxe6 Bxe6 37. Re4 Rh8 38. Rxd4+ Kc5 39. Re4 Rxh2+ 40. Kc3 Bd7 41. Re5+ Kd6 42. Rg5 Rh3 43. Rg6+ Kc5 44. Rg7 Bc6 45. b4+ Kb6 46. Rg6 a6 47. Rf6 Rg3 48. Rf4 Ba4 49. Rf6+ Ka7 50. Rf7 Rg8 51. Be4 Rc8+ 52. Kb2 Rb8 53. c4 Be8 54. Re7 Ba4 55. c5 Ka8 56. Ka3 Bb5 57. Kb3 Ka7 58. c6 Kb6 59. cxb7 Ka7 60. Kc3 Rd8 61. Rf7 Kb8 62. Re7 Ka7 63. Bf5 Rb8 64. Bc8 Bc6 65. Kd4 Kb6 66. Ke5 Bxb7 67. Bxb7 Rxb7 68. Rxb7+ Kxb7 69. Kd5 Kb6 70. Kc4 Kc6 71. Kb3 Kb5 72. Ka3 Kb6 73. Ka4 Kc6 74. Kb3 Kb7 75. Ka4 Kb6 76. Kb3 Kb5 77. Ka3 Kc6 78. Ka4 Kb6 79. Kb3 Kb5 1/2-1/2


[Site "https://www.chess.com"]

[Event "Titled Tuesday Blitz August 08 Early 2023"]
[White "Anuj Shrivatri"]
[Black "Bilan, Danila"]
[WhiteFideId "35070924"]
[BlackFideId "24161918"]
[WhiteElo "2820"]
[BlackElo "2609"]
[Result "1-0"]
[Round "5"]
[TimeControl "180+1"]
[Date "2023.08.08"]
[WhiteClock "0:01:36"]
[BlackClock "0:00:00"]
[Board "45"]

1. Nf3 d5 2. b3 Nf6 3. Bb2 c5 4. e3 a6 5. Be2 Nc6 6. O-O Bf5 7. Ne5 Nxe5 8. Bxe5 e6 9. c4 Bd6 10. Bxd6 Qxd6 11. cxd5 Qxd5 12. Nc3 Qd7 13. Na4 Qd6 14. Qc1 Rc8 15. d4 Nd7 16. Rd1 b5 17. dxc5 Qc6 18. Bf3 Be4 19. Bxe4 Qxe4 20. Rxd7 Kxd7 21. Nb6+ Kc6 22. Nxc8 Rxc8 23. Qa3 Kb7 24. Rd1 Qc2 25. Rc1 Qd2 26. b4 Rd8 27. c6+ Ka7 28. g3 Rc8 29. Rc5 Qd6 30. Qc3 Qc7 31. Qxg7 Qe7 32. Qxh7 1-0


[Site "https://www.chess.com"]

[Event "Titled Tuesday Blitz August 08 Early 2023"]
[White "Tsvetkov, Andrey"]
[Black "Atakhan, Abtin"]
[WhiteFideId "34139360"]
[BlackFideId "22502203"]
[WhiteElo "2609"]
[BlackElo "2819"]
[Result "1-0"]
[Round "5"]
[TimeControl "180+1"]
[Date "2023.08.08"]
[WhiteClock "0:00:09"]
[BlackClock "0:00:00"]
[Board "46"]

1. d4 Nf6 2. c4 c6 3. Nc3 d5 4. e3 Bf5 5. cxd5 cxd5 6. Qb3 Qc7 7. Nxd5 Nxd5 8. Qxd5 e6 9. Qb3 Nc6 10. Bd2 Be4 11. Nf3 Bd6 12. Bd3 Bd5 13. Qa4 f5 14. Rc1 a6 15. Bc4 Bxf3 16. gxf3 Ke7 17. Bxe6 Qb6 18. Bb3 Nb4 19. Ke2 Rhc8 20. a3 Nc6 21. Qc4 Nxd4+ 22. Qxd4 Qxb3 23. Qxg7+ Qf7 24. Qxf7+ Kxf7 25. Bc3 Rg8 26. Rcd1 Ke6 27. Rhg1 Bxh2 28. Rxg8 Rxg8 29. Rh1 Be5 30. Rh6+ Kd5 31. e4+ fxe4 32. fxe4+ Kxe4 33. f3+ Kf4 34. Rh4+ Kg3 35. Rg4+ Rxg4 36. Bxe5+ 1-0


[Site "https://www.chess.com"]

[Event "Titled Tuesday Blitz August 08 Early 2023"]
[White "Tristan, Leonardo"]
[Black "Zavgorodniy, Sergiy"]
[WhiteFideId "113816"]
[BlackFideId "14110148"]
[WhiteElo "2818"]
[BlackElo "2604"]
[Result "1-0"]
[Round "5"]
[TimeControl "180+1"]
[Date "2023.08.08"]
[WhiteClock "0:00:40"]
[BlackClock "0:00:06"]
[Board "47"]

1. d4 Nf6 2. Nf3 e6 3. Bf4 b6 4. e3 Bb7 5. Nbd2 g6 6. h3 Bg7 7. Be2 O-O 8. O-O d6 9. Bh2 Nbd7 10. a4 a6 11. Bd3 Qe7 12. c3 e5 13. e4 Nh5 14. Re1 Rfe8 15. Nc4 Nf4 16. Bf1 Rad8 17. Qc2 Qf6 18. dxe5 dxe5 19. Nfd2 Nc5 20. Red1 Nfd3 21. Bg3 a5 22. Ne3 h5 23. Bxd3 Nxd3 24. Nd5 Bxd5 25. exd5 Rxd5 26. Ne4 Qf5 27. f3 Nf4 28. Bxf4 Rxd1+ 29. Rxd1 Qxf4 30. Rd7 Qe3+ 31. Kf1 Re6 32. Rxc7 Kh7 33. Rxf7 h4 34. Rd7 Kh6 35. Qd2 1-0


[Site "https://www.chess.com"]

[Event "Titled Tuesday Blitz August 08 Early 2023"]
[White "Czerw, Dawid"]
[Black "Mitrabha, Guha"]
[WhiteFideId "1145746"]
[BlackFideId "5057000"]
[WhiteElo "2585"]
[BlackElo "2812"]
[Result "0-1"]
[Round "5"]
[TimeControl "180+1"]
[Date "2023.08.08"]
[WhiteClock "0:00:02"]
[BlackClock "0:00:56"]
[Board "48"]

1. e4 c6 2. Nc3 d5 3. Qf3 e6 4. d4 g6 5. h4 h6 6. Bd3 Bg7 7. Nge2 Ne7 8. g4 Nd7 9. h5 g5 10. exd5 cxd5 11. Nb5 Nb6 12. Qg3 O-O 13. f4 f6 14. fxg5 fxg5 15. c3 Bd7 16. a4 a6 17. Nd6 Qb8 18. Bc2 Nbc8 19. Qd3 Nxd6 20. Qh7+ Kf7 21. Bg6+ Nxg6 22. hxg6+ Kf6 23. Rf1+ Nf5 24. gxf5 exf5 25. Nf4 gxf4 26. Bxf4 Qxf4 27. Rxf4 Rh8 0-1


[Site "https://www.chess.com"]

[Event "Titled Tuesday Blitz August 08 Early 2023"]
[White "Christiansen, Johan-Sebastian"]
[Black "Thecourseoisildur"]
[WhiteFideId "1512668"]
[WhiteElo "2810"]
[BlackElo "2585"]
[Result "0-1"]
[Round "5"]
[TimeControl "180+1"]
[Date "2023.08.08"]
[WhiteClock "0:00:10"]
[BlackClock "0:00:06"]
[Board "49"]

1. e4 c5 2. Nf3 d6 3. Nc3 a6 4. g3 g6 5. d4 cxd4 6. Qxd4 Nf6 7. Qe3 Bg7 8. Bd2 Nc6 9. Bg2 Bg4 10. O-O O-O 11. Ne1 Nd7 12. Nd3 Nd4 13. Rac1 Nb6 14. h3 Nc4 15. Qe1 Bf3 16. Bf4 Qd7 17. b3 Na3 18. Nb4 Rac8 19. Nbd5 Rc6 20. Bg5 f6 21. Be3 Ndxc2 22. Qd2 Bxg2 23. Kxg2 e6 24. Nb6 Nxe3+ 25. Qxe3 Qc7 26. Nca4 Nc2 27. Qd2 f5 28. exf5 gxf5 29. Nc4 Nd4 30. Ne3 b5 31. Nb2 Qb7 32. Rxc6 Qxc6+ 33. f3 Rc8 34. Nbd1 Nc2 35. Rf2 Nxe3+ 36. Nxe3 Bh6 37. Qe2 Qc5 38. Nc2 Qc6 39. Nd4 Qd5 40. Qxe6+ Qxe6 41. Nxe6 Kf7 42. Nd4 Be3 43. Nxf5 Bxf2 44. Nxd6+ Ke6 45. Nxc8 Bc5 46. b4 Bxb4 47. Nb6 Bc5 48. Na8 Kd7 49. f4 b4 50. Kf3 Kc6 51. Ke4 Kb7 52. Kd5 Bf8 53. g4 Kxa8 54. Kc6 a5 55. Kb5 Kb7 56. g5 Be7 57. h4 Kc7 58. f5 Kd7 59. f6 Bf8 60. Kxa5 Ke6 61. Kb5 Kf7 62. h5 Ke6 63. Kc4 Kf5 64. g6 hxg6 65. hxg6 Kxg6 66. Kb3 Kxf6 67. a4 bxa3 68. Ka2 Ke5 69. Kb3 Kd4 70. Ka2 Kc3 71. Ka1 Kb3 72. Kb1 Bg7 73. Kc1 a2 74. Kd2 a1=Q 0-1


[Site "https://www.chess.com"]

[Event "Titled Tuesday Blitz August 08 Early 2023"]
[White "Bauman_Guy"]
[Black "Borgaonkar Akshay"]
[BlackFideId "25639110"]
[WhiteElo "2809"]
[BlackElo "2583"]
[Result "1-0"]
[Round "5"]
[TimeControl "180+1"]
[Date "2023.08.08"]
[WhiteClock "0:00:18"]
[BlackClock "0:00:01"]
[Board "50"]

1. e4 c5 2. Nf3 e6 3. d4 cxd4 4. Nxd4 Nc6 5. Nc3 Qc7 6. g3 a6 7. Bg2 Nf6 8. O-O h5 9. h3 Bc5 10. Nb3 Ba7 11. Kh1 b5 12. f4 Bb7 13. e5 Ng4 14. Ne4 Kf8 15. Qd6+ Qxd6 16. Nxd6 Rb8 17. a4 Nf2+ 18. Kh2 Ng4+ 19. Kh1 bxa4 20. Nxb7 Rxb7 21. Rxa4 Nf2+ 22. Kh2 Ng4+ 23. Kh1 Nf2+ 24. Rxf2 Bxf2 25. Rxa6 Ke7 26. Bxc6 dxc6 27. Na5 Rc7 28. Kg2 Be1 29. c3 Kd7 30. Be3 Rb8 31. Nc4 Rcb7 32. Kf3 f5 33. Ra1 Bxc3 34. bxc3 Rb1 35. Ra6 Rf1+ 36. Ke2 Rfb1 37. Nb6+ Kc7 38. Nc4 Kd7 39. h4 R1b3 40. Kd3 Rb1 41. Ra7+ R8b7 42. Rxb7+ Rxb7 43. Nd2 Rb2 44. c4 Ra2 45. Kc3 Ra3+ 46. Nb3 Ra2 47. Bd2 Ra3 48. Kb2 Ra8 49. Nc5+ Ke7 50. Bb4 Kf7 51. Ba3 Rb8+ 52. Kc2 Ra8 53. Kb3 Rb8+ 54. Bb4 Ra8 55. Bc3 Rb8+ 56. Kc2 Ra8 57. Nb3 Ra2+ 58. Bb2 Ra4 59. Kc3 Ra8 60. Nd4 Ra6 61. Bc1 Ke7 62. Kb4 Kd7 63. Nb3 Ra2 64. Bd2 Ra8 65. Kc3 Ra2 66. Nc5+ Ke7 67. Nd3 Ra3+ 68. Kd4 Ra1 69. Be1 Ra2 70. Ke3 Ra1 71. Bc3 Kd7 72. Bxa1 1-0


[Site "https://www.chess.com"]

[Event "Titled Tuesday Blitz August 08 Early 2023"]
[White "FoxOnTheRun97"]
[Black "Mayank Chakraborty"]
[BlackFideId "25659766"]
[WhiteElo "2569"]
[BlackElo "2809"]
[Result "0-1"]
[Round "5"]
[TimeControl "180+1"]
[Date "2023.08.08"]
[WhiteClock "0:00:08"]
[BlackClock "0:00:12"]
[Board "51"]

1. d4 Nf6 2. Bg5 e6 3. e4 d5 4. e5 h6 5. Be3 Nfd7 6. f4 c5 7. c3 Nc6 8. Nf3 Qa5 9. Qd2 cxd4 10. Nxd4 Nxd4 11. Bxd4 Qc7 12. a4 Nc5 13. Bxc5 Bxc5 14. Na3 O-O 15. Nc2 Bd7 16. Nd4 f6 17. exf6 Rxf6 18. g3 e5 19. Nb5 Bxb5 20. Qxd5+ Kh8 21. Bxb5 exf4 22. O-O-O f3 23. Qe4 Ba3 24. Kb1 Bd6 25. Rhf1 Raf8 26. Bd3 g6 27. Qh4 Kg7 28. Rf2 Qc5 29. Rff1 f2 30. Bc2 R8f7 31. Qe4 Re7 32. Qd3 Qe5 33. h4 Qxg3 34. Qd4 Be5 35. Qc5 Bd6 36. Qd4 Qe3 37. Qd5 Qe5 38. Qd3 h5 39. Qc4 Qe6 40. Qd3 Bc5 41. b4 Be3 42. Kb2 Qe5 43. Qc4 Rc7 44. Qb5 Qxb5 45. axb5 Rf4 46. Rd3 Bb6 47. Bd1 Rxh4 48. Be2 Rf4 49. Kc2 Re7 50. Rd2 Rfe4 51. Bd3 Re1 52. Rdxf2 Bxf2 53. Rxf2 g5 54. Rf5 R1e5 55. Rf2 g4 56. c4 Kh6 57. Kc3 h4 58. Rf6+ Kh5 59. Rf8 h3 60. Rh8+ Kg5 61. Rg8+ Kf4 62. Kd4 Re1 63. Rf8+ Kg3 64. Rg8 Rd7+ 65. Kc3 Re3 66. Kd2 Rdxd3+ 67. Kc2 h2 68. Rh8 Ra3 69. b6 axb6 70. c5 bxc5 71. bxc5 Ra1 72. c6 bxc6 73. Kb2 Rae1 74. Kc2 h1=Q 75. Rxh1 Rxh1 76. Kd2 Kf4 77. Kc2 Rg3 78. Kd2 Rh2+ 79. Ke1 Rg1# 0-1


[Site "https://www.chess.com"]

[Event "Titled Tuesday Blitz August 08 Early 2023"]
[White "Ashraf, Artin"]
[Black "Aarav Dengla"]
[WhiteFideId "22514805"]
[BlackFideId "45059756"]
[WhiteElo "2804"]
[BlackElo "2564"]
[Result "1-0"]
[Round "5"]
[TimeControl "180+1"]
[Date "2023.08.08"]
[WhiteClock "0:00:28"]
[BlackClock "0:00:00"]
[Board "52"]

1. e4 c5 2. Nf3 d6 3. c3 Nf6 4. Bd3 Bg4 5. h3 Bh5 6. Bc2 Nbd7 7. d4 cxd4 8. cxd4 e6 9. O-O Be7 10. Nc3 O-O 11. Qd3 e5 12. d5 Rc8 13. Nd2 Nb6 14. b3 Bg6 15. Bb2 Nbxd5 16. Nxd5 Nxd5 17. Qxd5 Rxc2 18. Nc4 Re2 19. f3 b5 20. Qd3 Rxg2+ 21. Kxg2 bxc4 22. bxc4 f5 23. Kh1 Qa8 24. Qd5+ Kh8 25. Qxa8 Rxa8 26. exf5 Bxf5 27. Kg2 Rc8 28. Rac1 Bd3 29. Rfd1 Bxc4 30. Ba3 Rc6 31. Kh1 h6 32. Rc2 Kg8 33. Rdc1 1-0


[Site "https://www.chess.com"]

[Event "Titled Tuesday Blitz August 08 Early 2023"]
[White "Deng, Henry"]
[Black "Sethuraman, S.P."]
[WhiteFideId "30965454"]
[BlackFideId "5021596"]
[WhiteElo "2559"]
[BlackElo "2795"]
[Result "1/2-1/2"]
[Round "5"]
[TimeControl "180+1"]
[Date "2023.08.08"]
[WhiteClock "0:01:51"]
[BlackClock "0:00:10"]
[Board "53"]

1. e4 c5 2. Nc3 Nc6 3. Bb5 Nd4 4. Nf3 e6 5. O-O a6 6. Bd3 Nc6 7. Be2 Nd4 8. Bd3 Nc6 9. Be2 Qc7 10. d4 cxd4 11. Nxd4 Nf6 12. Be3 Be7 13. Kh1 d6 14. f4 O-O 15. a3 Re8 16. Qe1 Bd7 17. Qg3 Nxd4 18. Bxd4 Bc6 19. Bd3 Rad8 20. Rae1 b5 21. Qh3 g6 22. f5 e5 23. Be3 Qc8 24. Bg5 Nh5 25. Qh4 Bxg5 26. Qxg5 Rd7 27. f6 Re6 28. Nd5 Qd8 29. Ne7+ Rdxe7 30. fxe7 Qxe7 31. Qxe7 Rxe7 32. g3 f5 33. Kg1 f4 34. Be2 Nf6 35. gxf4 Nxe4 36. Bf3 exf4 37. Bxe4 Bxe4 38. Rxf4 d5 39. c3 Kg7 40. Kf2 g5 41. Rg4 Kg6 42. Reg1 Rf7+ 43. Ke1 h6 44. h3 Rf5 45. h4 Kh5 46. hxg5 hxg5 47. R4g3 Kh4 48. Rg4+ Kh5 49. R4g3 Kh4 50. Rg4+ Kh5 1/2-1/2


[Site "https://www.chess.com"]